 Dungeon Crawl Stone Soup version 0.30-a0-122-g2a1322497e (webtiles) character file.

Game seed: 12189372422980061771

60 GandalfHyperdrive the Chopper (level 3, 34/34 HPs)
             Began as a Minotaur Berserker on Sept 16, 2022.
             Was a Believer of Trog.
             Quit the game on level 2 of the Dungeon on Sept 17, 2022.
             The game lasted 00:04:55 (1127 turns).

GandalfHyperdrive the Chopper (Minotaur Berserker)  Turns: 1127, Time: 00:04:55

Health: 34/34      AC:  5    Str: 23    XL:     3   Next: 82%
Magic:  2/2        EV: 11    Int:  4    God:    Trog [**....]
Gold:   88         SH:  0    Dex:  9    Spells: 2/2 levels left

rFire   . . .      SeeInvis .    a - +0 hand axe
rCold   . . .      Faith    .    (no shield)
rNeg    . . .      Spirit   .    e - +0 ring mail
rPois   .          Reflect  .    (helmet restricted)
rElec   .          Harm     .    (no cloak)
rCorr   .          Rampage  .    (no gloves)
Will    .....                    (no boots)
Stlth   ..........               (no amulet)
HPRegen 0.11/turn                (no ring)
MPRegen 0.08/turn                (no ring)

@: no status effects
A: horns 2, retaliatory headbutt
a: Renounce Religion, Berserk, Trog's Hand


You were on level 2 of the Dungeon.
You worshipped Trog.
Trog was pleased with you.
You visited 1 branch of the dungeon, and saw 2 of its levels.

You collected 88 gold pieces.

Inventory:

Hand Weapons
 a - a +0 hand axe (weapon)
Armour
 b - a +0 animal skin
 e - a +0 ring mail (worn)
Scrolls
 c - a scroll of immolation {unknown}
 d - 3 scrolls of identify {unknown}
 f - a scroll of noise {unknown}
 k - a scroll of brand weapon {unknown}
Potions
 g - a potion of resistance {unknown}
 h - a potion of haste {unknown}
 i - 2 potions of degeneration {unknown}
 j - a potion of might {unknown}
 l - a potion of curing {unknown}


   Skills:
 + Level 4.5 Fighting
 + Level 4.5 Axes
 + Level 2.9 Armour
 + Level 2.5 Dodging


You had 2 spell levels left.
You didn't know any spells.
Your spell library was empty.

Dungeon Overview and Level Annotations

Branches:
Dungeon (2/15)

Altars:


Innate Abilities, Weirdness & Mutations

You have a pair of horns on your head.
You reflexively headbutt those who attack you in melee.


Message History

The adder is moderately wounded.
The adder barely misses you. You furiously retaliate!
You headbutt the adder. The adder bites you but does no damage.
You hit the adder.
You kill the adder!
Trog accepts your kill.
You start resting.
HP restored.
You start waiting.
Done waiting.
Found a stone staircase leading up.
Found two stone staircases leading down.
l - a bubbling cyan potion
There is a stone staircase leading up here.
Found 3 stones.
A bat comes into view.
Found 5 gold pieces.
A bat is nearby!
A bat is nearby!
A bat is nearby!
A bat is nearby!
A bat is nearby!
A bat is nearby!
Found a stone staircase leading down.
The bat hits you but does no damage.
You miss the bat. You headbutt the bat.
The bat is moderately wounded.
The bat barely misses you. You furiously retaliate!
You headbutt the bat, but do no damage. The bat hits you.
The bat barely misses you. You furiously retaliate!
You headbutt the bat!
You kill the bat!
Trog accepts your kill.
You see here a bat corpse.
There is a stone staircase leading down here.
You now have 88 gold pieces (gained 5).
Unknown command.
Welcome back, GandalfHyperdrive the Minotaur Berserker.
Trog says: Kill them all!
Press ? for a list of commands and other information.
Are you sure you want to abandon this character and quit the game? (Confirm with "yes".)

#. ###.#### #......#
#....†.#####
#..........#########
#......###...÷......
#......#####.<...#..
##............#######
#...@...####.........
#....>### #...>...>.
#....## #..(......
#....# #.........
###... ..........
#### ##########


There were no monsters in sight!

Vanquished Creatures
  Natasha (D:2)
  An adder (D:2)
  A ball python (D:1)
  3 endoplasms (D:1)
  2 goblins (D:1)
  5 hobgoblins (D:1)
  2 quokkas (D:1)
  4 bats
  A frilled lizard (D:1)
  4 kobolds (D:1)
  3 rats (D:1)
  A spectral hobgoblin (D:1)
28 creatures vanquished.

Notes
Turn   | Place    | Note
-------+----------+-------------------------------------------
     0 | D:1      | GandalfHyperdrive the Minotaur Berserker began the quest
                  | for the Orb.
     0 | D:1      | Reached XP level 1. HP: 19/19 MP: 0/0
   382 | D:1      | Reached XP level 2. HP: 22/27 MP: 1/1
   565 | D:1      | Found a faded altar of an unknown god.
   786 | D:1      | Reached ** piety under Trog
   872 | D:1      | Reached XP level 3. HP: 24/33 MP: 2/2
   882 | D:2      | Noticed Natasha
   883 | D:2      | Killed Natasha
  1127 | D:2      | Quit the game

Illustrated notes

Levels and vault maps discovered:
D:1:      amcnicky_arrival_flooded_fountain, layout_loops_corners,
          dreamdust_ecumenical_altar_drowned_temple
D:2:      layout_rooms, minivault_5, uniq_natasha

Skill      XL: |  1  2 |
---------------+-------+-----
Fighting       | 4 |  4.5
Axes           | 4 |  4.5
Armour         | |  2.9
Dodging        | |  2.5

Action                   || total
-------------------------++-------
Melee: Hand axe          ||    48
       Headbutt          ||     8
Armor: Ring mail         ||    22
Dodge: Dodged            ||    44

Table legend: (Time is in decaauts)
 A = Elapsed time spent in this place.
 B = Non-inter-level travel time spent in this place.
 C = Inter-level travel time spent in this place.
 D = Time resting spent in this place.
 E = Time spent auto-exploring this place.
 F = Levels seen in this place.
 G = Mean time per level.
                   A        B        C        D        E       F      G
               +--------+--------+--------+--------+--------+-----+--------+
         Total |   1139 |   1139 |      0 |    194 |    645 |   2 |  569.5 |
       Dungeon |   1139 |   1139 |      0 |    194 |    645 |   2 |  569.5 |
               +--------+--------+--------+--------+--------+-----+--------+

Top non-repeatable levels by time:
     D:1: 894 daAuts
     D:2: 245 daAuts
